 Dungeon Crawl Stone Soup version 0.28-a0-1629-gf728b707aa (webtiles) character file.

Game seed: 17079814041380981638

134 HallandMoats the Skirmisher (level 5, 0/46 HPs)
             Began as a Ghoul Fighter on Jan 24, 2022.
             Was a Follower of Trog.
             Slain by a wight (7 damage)
             ... on level 2 of the Dungeon.
             The game lasted 00:03:50 (3505 turns).

HallandMoats the Skirmisher (Ghoul Fighter)         Turns: 3505, Time: 00:03:50

Health: 0/46       AC:  8    Str: 20    XL:     5   Next: 17%
Magic:  4/4        EV:  9    Int:  5    God:    Trog [*.....]
Gold:   108        SH:  4    Dex:  8    Spells: 4/4 levels left

rFire   . . .      SeeInvis .   a - +0 trident
rCold   + . .      Faith    .   c - +0 buckler
rNeg    + + +      Spirit   .   q - +0 scale mail
rPois   ∞          Reflect  .   n - +0 helmet
rElec   .          Harm     .   (no cloak)
rCorr   .          Rampage  .   (no gloves)
Will    .....                   (no boots)
Stlth   ..........              (no amulet)
HPRegen 0.00/turn               (no ring)
MPRegen 0.09/turn               (no ring)

@: inhibited regen
A: claws 1, cold resistance 1, negative energy resistance 3, inhibited
regeneration, torment resistance 2
a: Renounce Religion


You were on level 2 of the Dungeon.
You worshipped Trog.
Trog was aware of your devotion.
You visited 1 branch of the dungeon, and saw 4 of its levels.

You collected 108 gold pieces.

Inventory:

Hand Weapons
 a - a +0 trident (weapon)
 b - a +0 hunting sling of freezing
Missiles
 r - 18 stones (quivered)
 s - 46 sling bullets
Armour
 c - a +0 buckler (worn)
 n - a +0 helmet (worn)
 q - a +0 scale mail (worn)
Scrolls
 f - a scroll of amnesia {unknown}
 j - a scroll of enchant weapon {unknown}
 l - a scroll of identify {unknown}
 p - a scroll of magic mapping {unknown}
Potions
 d - a potion of might
 e - a potion of haste {unknown}
 g - 3 potions of curing {unknown}
 h - a potion of cancellation {unknown}
 i - a potion of berserk rage {unknown}
 k - a potion of lignification {unknown}
 m - a potion of invisibility {unknown}
 o - 2 potions of flight {unknown}


   Skills:
 + Level 3.9 Fighting
 + Level 3.0 Polearms
 * Level 0.1 Slings
 + Level 3.2 Armour
 + Level 1.4 Dodging
 + Level 3.2 Shields


You had 4 spell levels left.
You didn't know any spells.
Your spell library was empty.

Dungeon Overview and Level Annotations

Branches:
Dungeon (4/15)
 Temple: D:4-7

Altars:
Trog

Shops:
D:1 !

Annotations:
D:1 1 runed translucent door


Innate Abilities, Weirdness & Mutations

You thrive by killing the living.
You are immune to poison.
You have sharp fingernails.
Your flesh is cold resistant. (rC+)
You are immune to negative energy. (rN+++)
You do not regenerate when monsters are visible.
You are immune to unholy pain and torment.


Message History

You hit the wight.
The wight is lightly damaged.
The wight hits you with a +2 flail.
You closely miss the wight.
The wight is lightly damaged.
The wight closely misses you.
You closely miss the wight.
The wight is lightly damaged.
The wight barely misses you. The wight hits you with a +2 flail!
You barely miss the wight.
The wight is lightly damaged.
The wight closely misses you.
You puncture the wight!
The wight is severely damaged.
The wight closely misses you.
You barely miss the wight.
The wight is severely damaged.
The wight hits you with a +2 flail.
Okay, then.
You barely miss the wight.
The wight is severely damaged.
The wight hits you with a +2 flail! x2
* * * LOW HITPOINT WARNING * * *
You hit the wight but do no damage.
The wight is severely damaged.
The wight barely misses you.
You hit the wight but do no damage.
The wight is severely damaged.
The wight closely misses you.
You hit the wight.
The wight is severely damaged.
The wight closely misses you.
You hit the wight but do no damage.
The wight is severely damaged.
The wight hits you with a +2 flail.
* * * LOW HITPOINT WARNING * * *
You barely miss the wight.
The wight is severely damaged.
The wight hits you with a +2 flail!
You die...

.###)#####.#...###..........###..
.# #.# #.##..###.#.......## ##.
.# #.# #.........##.....## #. ##
#.# #####.#######...## #. ####.#
#.# ##'## #. .....# #.#
#.########. ###### #.#
#........#. #.#### ##.######.#.
#.z@.# ##...#####.#. ####.#
#............ #.# ##.........##
#.#####.##.##.## #..........##.#
#######.#####.# #.# #.# #.#####.#
#.......#


You could see a wight.

Vanquished Creatures
  Robin (D:3)
  4 adders
  A worm (D:2)
  6 dart slugs
  3 bats
  7 endoplasms
  3 giant cockroaches
  14 goblins
  8 hobgoblins
  2 quokkas
  9 ball pythons
  A frilled lizard (D:1)
  6 kobolds
  5 rats
70 creatures vanquished.

Notes
Turn   | Place    | Note
-------+----------+-------------------------------------------
     0 | D:1      | HallandMoats the Ghoul Fighter began the quest for the Orb.
     0 | D:1      | Reached XP level 1. HP: 19/19 MP: 0/0
     1 | D:1      | Found a runed translucent door.
   117 | D:1      | Reached XP level 2. HP: 25/26 MP: 1/1
   309 | D:1      | Found Facum's Distillery.
   401 | D:1      | Reached XP level 3. HP: 31/31 MP: 2/2
  1170 | D:2      | Reached skill level 1 in Dodging
  1566 | D:2      | Reached XP level 4. HP: 40/40 MP: 3/3
  1912 | D:3      | Noticed Robin
  2084 | D:3      | Killed Robin
  2633 | D:3      | Found a faded altar of an unknown god.
  2640 | D:3      | Prayed at the altar of an unknown god.
  2640 | D:3      | Became a worshipper of Trog the Wrathful
  2640 | D:3      | Reached * piety under Trog
  2690 | D:3      | Reached XP level 5. HP: 42/46 MP: 4/4
  3505 | D:2      | Slain by a wight

Illustrated notes

Levels and vault maps discovered:
D:1:      dpeg_arrival_caged_fury, layout_loops_cross, serial_shops,
          shop_fountains
D:2:      layout_loops_corners
D:3:      layout_loops_corners, ebering_ecumenical_altar_hall,
          chequers_hall_statues_wall_a, minmay_quantized, uniq_robin
D:4:      layout_basic, gammafunk_ghost_split, uniq_duvessa

Skill      XL: |  1  2  3  4 |
---------------+-------------+-----
Polearms       | 2 3 |  3.0
Shields        | 3 |  3.2
Armour         | 3 |  3.2
Dodging        | 1 |  1.4
Fighting       | |  3.9
Slings         | |  0.1

Action                   |  1- 3 |  4- 6 || total
-------------------------+-------+-------++-------
Melee: Trident           |   107 |    92 ||   199
 Fire: Hunting sling     |       |    58 ||    58
Armor: Scale mail        |    27 |    66 ||    93
Dodge: Dodged            |    21 |    77 ||    98
Block: Buckler           |    12 |    30 ||    42

Table legend: (Time is in decaauts)
 A = Elapsed time spent in this place.
 B = Non-inter-level travel time spent in this place.
 C = Inter-level travel time spent in this place.
 D = Time resting spent in this place.
 E = Time spent auto-exploring this place.
 F = Levels seen in this place.
 G = Mean time per level.
                   A        B        C        D        E       F      G
               +--------+--------+--------+--------+--------+-----+--------+
         Total |   3568 |   3445 |    123 |    360 |   2521 |   4 |  892.0 |
       Dungeon |   3568 |   3445 |    123 |    360 |   2521 |   4 |  892.0 |
               +--------+--------+--------+--------+--------+-----+--------+

Top non-repeatable levels by time:
     D:2: 1600 daAuts
     D:3: 1133 daAuts
     D:1: 827 daAuts
     D:4: 6 daAuts
